 Dungeon Crawl Stone Soup version 0.28.0-53-g5a82cb258f (webtiles) character file.

Game seed: 14040996491919772203

18678 ILmort the Warrior (level 12, -13/121 HPs)
             Began as a Minotaur Berserker on Aug 5, 2022.
             Was a High Priest of Trog.
             Mangled by a frost giant
             ... wielding a +2 battleaxe of freezing
              (31 damage)
             ... on level 11 of the Dungeon.
             The game lasted 00:55:20 (14164 turns).

ILmort the Warrior (Minotaur Berserker)            Turns: 14164, Time: 00:55:21

Health: -13/121    AC: 21    Str: 27    XL:     12   Next: 29%
Magic:  11/11      EV:  9    Int:  1    God:    Trog [*****.]
Gold:   790        SH:  0    Dex: 13    Spells: 11/11 levels left

rFire   + . .      SeeInvis .   C - +4 battleaxe (freeze)
rCold   . . .      Faith    .   (shield currently unavailable)
rNeg    . . .      Spirit   .   o - +8 chain mail of the Dropbear {Dex+3}
rPois   .          Reflect  .   (helmet restricted)
rElec   .          Harm     .   c - +0 cloak
rCorr   .          Rampage  .   (no gloves)
Will    ++...      Rage     50% (no boots)
Stlth   ..........              K - necklace of Bloodlust {*Rage Will++ Int-3 Slay+6}
HPRegen 0.30/turn               y - ring of protection from fire
MPRegen 0.12/turn               (no ring)

@: about to teleport, on berserk cooldown, slowed, studying Throwing, very slow
A: horns 2, retaliatory headbutt
a: Renounce Religion, Berserk, Trog's Hand, Brothers in Arms


You were on level 11 of the Dungeon.
You worshipped Trog.
Trog was extremely pleased with you.
You visited 1 branch of the dungeon, and saw 11 of its levels.
You also visited: Bailey.

You collected 790 gold pieces.

Inventory:

Hand Weapons
 f - a +4 hand axe
 C - a +4 battleaxe of freezing (weapon)
 H - a +2 morningstar of flaming
 N - a +4 mace
Missiles
 D - 2 throwing nets (quivered)
Armour
 c - a +0 cloak (worn)
 i - the +4 ring mail of Yweiny {rC- Will+ Dex+6}
   (You found it on level 4 of the Dungeon)

   Dex:       It affects your dexterity (+6).
   rC:        It makes you vulnerable to cold.
   Will:      It increases your willpower.
 o - the +8 chain mail of the Dropbear (worn) {Dex+3}
   (You found it in a bailey)

   Dex:       It affects your dexterity (+3).
Jewellery
 t - an amulet of reflection
 y - a ring of protection from fire (left hand)
 F - an amulet of faith
 K - the necklace of Bloodlust (around neck) {*Rage Will++ Int-3 Slay+6}
   (You found it on level 10 of the Dungeon)

   [amulet of nothing]

   It extends the wearer's berserk rage when killing foes.
   Int:       It affects your intelligence (-3).
   Slay:      It affects your accuracy & damage with ranged weapons and melee
   (+6).
   *Rage:     It berserks you when you make melee attacks (+50% chance).
   Will:      It greatly increases your willpower.
Wands
 w - a wand of acid (4)
 G - a wand of paralysis (6)
 I - a wand of iceblast (5)
 J - a wand of mindburst (11)
 O - a wand of flame (12)
Scrolls
 b - 9 scrolls of identify
 d - 2 scrolls of holy word
 g - a scroll of enchant weapon
 n - 4 scrolls of fear
 p - 6 scrolls of enchant armour
 u - 2 scrolls of torment
 E - 3 scrolls of teleportation
 L - a scroll of brand weapon
 M - a scroll of fog
Potions
 a - 2 potions of cancellation {unknown}
 e - 3 potions of flight
 h - a potion of invisibility
 j - a potion of mutation {unknown}
 k - 2 potions of haste {unknown}
 l - a potion of might {unknown}
 m - a potion of resistance
 q - 4 potions of curing
 r - 4 potions of heal wounds {unknown}
 s - a potion of attraction {unknown}
 v - a potion of experience
 x - 3 potions of magic
 z - 2 potions of lignification {unknown}
 A - 9 potions of ambrosia
 B - 2 potions of degeneration {unknown}
 P - a potion of brilliance {unknown}


   Skills:
 + Level 15.5 Fighting
 + Level 15.4 Axes
 + Level 11.8 Armour
 - Level 2.2 Dodging


You had 11 spell levels left.
You didn't know any spells.
Your spell library was empty.

Dungeon Overview and Level Annotations

Branches:
Dungeon (11/15)            Temple (0/1) D:6            Lair (0/6) D:10
 Bailey (visited)
    Orc: D:9-12

Altars:
Ashenzari
Gozag
Okawaru
Ru
Uskayaw
Wu Jian

Shops:
D:2 :


Innate Abilities, Weirdness & Mutations

You have a pair of horns on your head.
You reflexively headbutt those who attack you in melee.


Message History

You closely miss the orc wizard.
The orc wizard hits you but does no damage.
You slash the orc wizard! You freeze the orc wizard!
The necklace of Bloodlust glows a violent red.
You kill the orc wizard!
Trog accepts your kill.
Trog appreciates your killing of a magic user.
Things that are here:
a +0 dagger; a +0 robe; an orc corpse You feel a strong urge to attack something.
You feel your anger nearly subside.
b - 9 scrolls of identify (gained 1)
n - 4 scrolls of fear (gained 1)
You are no longer berserk.
You are exhausted.
You feel yourself slow down.
You now have 790 gold pieces (gained 30).
Things that are here:
a +0 dagger; a +0 robe; an orc corpse
There is an open door here.
You open the door.
A frost giant comes into view.
It is wielding a +2 battleaxe of freezing.
The frost giant shouts!
The frost giant points at you and mumbles some strange words.
The bolt of cold hits you!!!
Press: ? - help, v - describe, . - travel
Here: a frost giant, wielding a +2 battleaxe of freezing The floor.
A frost giant is nearby!
Press: ? - help, v - describe, . - travel The floor.
The frost giant points at you and mumbles some strange words.
The bolt of cold hits you!!
The frost giant gestures at you while chanting.
The bolt of cold hits you!!
* * * LOW HITPOINT WARNING * * *
As you read the scroll of teleportation, it crumbles to dust.
You feel strangely unstable.
The frost giant hits you with a +2 battleaxe of freezing!!
You die...

########## #.........
## #......... ..
####......... ..
#.....#######
..####.....#.....#
...........#.....#
...........#.....#
................@#
....#######....C## ###
....##...##.....# ...##
....#.....#.....#.....#
....#....)'..8..'..C..#
....#.....#.....#.....#
....##...##.....##...##
...(#########'### ####
....# #.##...##


You could see a frost giant.

Vanquished Creatures
  An orc warlord (Bailey)
  A fire dragon (D:11)
  Harold (D:8)
  A boulder beetle (D:10)
  Erica (D:8)
  A two-headed ogre (D:10)
  An orc knight (Bailey)
  A deep elf pyromancer (D:11)
  Maurice (D:8)
  Joseph (D:7)
  Maggie (D:8)
  A kobold demonologist (D:10)
  2 tengu conjurers (D:8)
  2 trolls (D:10)
  A queen bee (D:9)
  3 hornets
  Grinder (D:6)
  Prince Ribbit (D:6)
  A shadow (D:11)
  18 yaks (D:10)
  A steam dragon (D:8)
  2 wraiths (D:10)
  A wyvern (D:10)
  Grum (D:8)
  2 vampire mosquitoes (D:10)
  3 wargs (D:10)
  An acid dragon (D:10)
  6 sky beasts
  2 ice beasts
  2 black bears (D:5)
  16 orc warriors
  An ogre (D:7)
  3 wolves (D:8)
  2 centaurs
  A phantom (D:6)
  2 elf skeletons (D:4)
  A bullfrog (D:8)
  A scorpion (D:4)
  A wyvern zombie (D:4)
  A water moccasin skeleton (D:5)
  29 killer bees
  9 wights
  3 howler monkeys
  4 hounds
  A centaur zombie (D:10)
  A bullfrog zombie (D:6)
  10 orc priests
  2 human skeletons (D:4)
  3 iguanas
  3 jellies
  A centaur skeleton (D:6)
  Terence (D:3)
  13 orc wizards
  Natasha (twice) (D:2)
  A killer bee zombie (D:9)
  3 howler monkey zombies
  5 gnolls (Bailey)
  2 howler monkey skeletons
  8 adders
  2 white imps
  An adder zombie (D:5)
  A worm (D:3)
  2 dart slugs
  45 orcs
  9 endoplasms
  7 giant cockroaches
  17 goblins
  19 hobgoblins
  2 jackals (D:4)
  4 quokkas
  6 ball pythons
  5 bats
  6 frilled lizards
  9 kobolds
  2 orc skeletons (D:4)
  6 rats
335 creatures vanquished.

Notes
Turn   | Place    | Note
-------+----------+-------------------------------------------
     0 | D:1      | ILmort the Minotaur Berserker began the quest for the Orb.
     0 | D:1      | Reached XP level 1. HP: 19/19 MP: 0/0
   537 | D:1      | Reached XP level 2. HP: 21/27 MP: 1/1
  1175 | D:1      | Reached XP level 3. HP: 34/34 MP: 2/2
  1244 | D:1      | Reached ** piety under Trog
  1401 | D:2      | You fall into a shaft and drop 2 floors!
  1435 | D:3      | Found a faded altar of an unknown god.
  1541 | D:2      | Noticed Natasha
  1548 | D:2      | Killed Natasha
  1549 | D:2      | Reached XP level 4. HP: 21/41 MP: 3/3
  1720 | D:2      | Noticed Natasha
  1729 | D:2      | Killed Natasha
  1730 | D:2      | Reached skill level 5 in Fighting
  1730 | D:2      | Reached skill level 5 in Axes
  2206 | D:2      | Found Zeysoig's Book Shop.
  2975 | D:3      | Reached XP level 5. HP: 44/48 MP: 4/4
  3338 | D:3      | Noticed a sky beast
  3341 | D:3      | Killed a sky beast
  3342 | D:3      | Reached XP level 6. HP: 58/58 MP: 5/5
  3463 | D:3      | Noticed Terence
  3470 | D:3      | Killed Terence
  3927 | D:4      | Identified the +4 ring mail of Yweiny {rC- Will+ Dex+6}
  4140 | D:4      | Reached *** piety under Trog
  4298 | D:4      | Reached XP level 7. HP: 66/66 MP: 6/6
  5298 | D:5      | Entered Level 5 of the Dungeon
  5504 | D:5      | Reached XP level 8. HP: 69/75 MP: 7/7
  5917 | D:5      | Found a broken altar of Ashenzari.
  5919 | D:5      | Found a sacrificial altar of Ru.
  5920 | D:5      | Found an opulent altar of Gozag.
  5920 | D:5      | Found a hide-covered altar of Uskayaw.
  6599 | D:6      | Noticed Prince Ribbit
  6605 | D:6      | Killed Prince Ribbit
  6732 | D:6      | Reached skill level 10 in Fighting
  6746 | D:6      | Reached skill level 10 in Axes
  6783 | D:6      | Noticed Grinder
  6789 | D:6      | Killed Grinder
  6911 | D:6      | Reached XP level 9. HP: 62/84 MP: 8/8
  6912 | D:6      | Reached **** piety under Trog
  7431 | D:6      | Found a staircase to the Ecumenical Temple.
  8073 | D:7      | Found a flagged portal.
  8093 | Bailey   | Entered a bailey
  8232 | Bailey   | Noticed an orc knight
  8241 | Bailey   | Killed an orc knight
  8242 | Bailey   | Reached skill level 5 in Armour
  8486 | Bailey   | Reached XP level 10. HP: 97/97 MP: 9/9
  8616 | Bailey   | Noticed an orc warlord
  8630 | Bailey   | Killed an orc warlord
  9017 | Bailey   | Identified the +8 chain mail of the Dropbear {Dex+3}
  9109 | D:7      | Noticed Joseph
  9120 | D:7      | Killed Joseph
  9340 | D:7      | Found an iron altar of Okawaru.
  9391 | D:7      | Found an ornate altar of the Wu Jian Council.
  9753 | D:8      | Noticed Harold
  9768 | D:8      | Killed Harold
  9776 | D:8      | Noticed Maurice
  9778 | D:8      | Paralysed by Maurice for 7 turns
  9798 | D:8      | Killed Maurice
  9979 | D:8      | Noticed Grum
  9997 | D:8      | Killed Grum
 10073 | D:8      | Noticed Erica
 10096 | D:8      | Killed Erica
 10097 | D:8      | Reached XP level 11. HP: 88/107 MP: 10/10
 10466 | D:8      | Noticed Maggie
 10485 | D:8      | Killed Maggie
 10914 | D:9      | Identified the +7 dagger "Joirij" {protect, SInv}
 11208 | D:9      | Reached ***** piety under Trog
 12104 | D:10     | Entered Level 10 of the Dungeon
 12108 | D:10     | Found the necklace of Bloodlust {*Rage Will++ Int-3 Slay+6}
 12160 | D:10     | Noticed a two-headed ogre
 12169 | D:10     | Killed a two-headed ogre
 12170 | D:10     | Reached skill level 10 in Armour
 12650 | D:10     | Noticed a boulder beetle
 12656 | D:10     | Killed a boulder beetle
 12657 | D:10     | Reached skill level 15 in Fighting
 12657 | D:10     | Reached skill level 15 in Axes
 12657 | D:10     | Reached XP level 12. HP: 101/119 MP: 11/11
 13073 | D:10     | Found a staircase to the Lair.
 13936 | D:11     | Noticed a fire dragon
 13944 | D:11     | Killed a fire dragon
 14158 | D:11     | Noticed a frost giant
 14164 | D:11     | Mangled by a frost giant

Illustrated notes

Levels and vault maps discovered:
D:1:      wander_arrival_lonely_grave, layout_loops_corners
D:2:      layout_basic, serial_shops, shop, uniq_natasha
D:3:      layout_loops_ring, dreamdust_ecumenical_altar_statues,
          amcnicky_mini_rare_corridor_liquid, uniq_terence
D:4:      layout_gridville, nicolae_ossuary_entry_catacombs,
          gup_sewer_entry_pipe, chequers_serial_rivers_micro_e,
          hangedman_decor_push, kennysheep_generic_room_10
D:5:      layout_basic, chequers_temple_overflow_statue_of_worship,
          patterned_corridor
D:6:      layout_gridville, minmay_temple_entry_statues_fountains, uniq_grinder,
          uniq_prince_ribbit1
D:7:      layout_basic, mainiacjoe_overflow_alcove_4,
          pdpol_wu_jian_five_deadly_venoms, serial_aquarium,
          aquarium_bridge_island_large [aquarium_subvault_large_open,
          aquarium_subvault_balcony, aquarium_subvault_bridge,
          aquarium_subvault_balcony, aquarium_subvault_bridge],
          aquarium_window_fake, aquarium_window_2, aquarium_window_2,
          aquarium_view_2g, aquarium_view_2f, aquarium_balcony_3b,
          aquarium_pool_double, enter_bailey_2, minmay_misc_feat_pillars,
          uniq_joseph
D:8:      layout_basic, uniq_maurice, uniq_harold, uniq_grum, uniq_maggie,
          uniq_erica
D:9:      layout_long_grid, special_room [special_room_bee]
D:10:     layout_stronghold, erik_lair_orcish_takeover, minmay_quadrilaterals
D:11:     dragon1_lemuel, layout_irregular_city, minmay_three_doors

Skill      XL: |  1  2  3  4  5  6  7  8  9 10 11 |
---------------+----------------------------------+-----
Fighting       | 4 5 6 7 8 10 12 13 15 | 15.5
Axes           | 4 5 6 7 8 10 12 13 15 | 15.4
Armour         | 5 8 11 | 11.8
Dodging        | |  2.2

Action                   |  1- 3 |  4- 6 |  7- 9 | 10-12 || total
-------------------------+-------+-------+-------+-------++-------
Melee: Hand axe          |    81 |    79 |       |       ||   160
       Headbutt          |     9 |    18 |    34 |    40 ||   101
       War axe           |       |    71 |   186 |       ||   257
       Punch             |       |     1 |     3 |       ||     4
       Battleaxe         |       |       |    61 |   269 ||   330
Invok: Berserk           |       |     2 |     8 |     7 ||    17
  Use: Scroll            |       |     6 |     8 |     4 ||    18
 Stab: Sleeping          |       |     1 |       |       ||     1
Armor: Animal skin       |    20 |     6 |       |       ||    26
       Chain mail        |       |    33 |   111 |   182 ||   326
Dodge: Dodged            |    51 |    65 |    66 |   124 ||   306
Block: Other             |       |    21 |    43 |    40 ||   104
       Reflection        |       |     2 |       |     5 ||     7
